 Dungeon Sprint DCSS version 0.22.1-1-ga44c0e5 (webtiles) character file.

1078 Kalelzar the Cleaver (level 8, -4/85 HPs)
             Began as a Minotaur Berserker on Sept 27, 2018.
             Was a Priest of Trog.
             Slain by a demonic crawler (8 damage)
             ... in the Dungeon (Sprint I: "Red Sonja").
             The game lasted 00:01:06 (580 turns).

Kalelzar the Cleaver (Minotaur Berserker)            Turns: 580, Time: 00:01:07

Health: -4/85      AC:  3    Str: 24    XL:     8   Next: 8%
Magic:  7/7        EV: 14    Int:  4    God:    Trog [***...]
Gold:   270        SH:  0    Dex: 10    Spells: 7/7 levels left

rFire    . . .     SeeInvis .   a - +0 hand axe
rCold    . . .     Gourm    .   (no shield)
rNeg     . . .     Faith    .   l - +0 leather armour
rPois    .         Spirit   .   (helmet restricted)
rElec    .         Reflect  .   (no cloak)
rCorr    .         Harm     .   (no gloves)
MR       ++...     NoTele   +   (no boots)
Stlth    +.........             (no amulet)
HPRegen  1.24/turn              (no ring)
MPRegen  0.10/turn              (no ring)

@: regenerating
A: retaliatory headbutt, horns 2
a: Berserk, Trog's Hand, Renounce Religion


You were in the Dungeon.
You worshipped Trog.
Trog was most pleased with you.
You were not hungry.

You visited 1 branch You collected 270 gold pieces.

Inventory:

Hand Weapons
 a - a +0 hand axe (weapon)
Armour
 b - a +0 animal skin
 l - a +0 leather armour (worn)
Wands
 j - a wand of polymorph (11)
Scrolls
 i - a scroll of blinking
Potions
 d - a potion of curing
 e - a potion of heal wounds
 f - a potion of haste
 g - 2 potions of magic
 h - a potion of berserk rage
Comestibles
 c - a ration


   Skills:
 + Level 12.9 Fighting
 + Level 13.8 Axes
 + Level 6.8 Armour
 + Level 6.9 Dodging


You had 7 spell levels left.
You didn't know any spells.
Your spell library was empty.

Dungeon Overview and Level Annotations

Branches:
Dungeon (1/1)

Altars:
Makhleb
Xom
Jiyva
Lugonu


Innate Abilities, Weirdness & Mutations

You reflexively headbutt those who attack you in melee.
You have a pair of horns on your head.


Message History

You slash the demonic crawler! You hit the demonic crawler.
The demonic crawler closely misses you. The demonic crawler hits you.
The demonic crawler closely misses you. The demonic crawler hits you!
The demonic crawler barely misses you. The demonic crawler misses you.
The demonic crawler hits you.
The demonic crawler hits you but does no damage.
The demonic crawler hits you.
Your skin crawls.
You feel resistant to hostile enchantments.
You feel somewhat more hungry. The demonic crawler hits you! x2
* * * LOW HITPOINT WARNING * * *
The demonic crawler hits you.
* * * LOW HITPOINT WARNING * * *
The demonic crawler hits you!
* * * LOW HITPOINT WARNING * * *
The demonic crawler closely misses you. The demonic crawler barely misses you.
The demonic crawler closely misses you. The demonic crawler hits you.
* * * LOW HITPOINT WARNING * * *
The demonic crawler hits you!
You die...

####################
').#.)'..#__#..)...#
#..'..#..'..'..#ss.##+#
##'#####+#__####@ss'..#
#..# #### #####..+ ####
##


You could see 4 demonic crawlers.

Vanquished Creatures
  2 kobold demonologists (D)
  A slime creature (D)
  Sigmund (D)
  A floating eye (D)
  An ogre (D)
  Ijyb (D)
7 creatures vanquished.

Notes
Turn   | Place    | Note
-------+----------+-------------------------------------------
     0 | D        | Kalelzar the Minotaur Berserker began the quest for the
                  | Orb.
     0 | D        | Reached XP level 1. HP: 19/19 MP: 0/0
     4 | D        | Noticed Ijyb
    12 | D        | Killed Ijyb
    12 | D        | Reached skill level 5 in Fighting
    12 | D        | Reached skill level 5 in Axes
    12 | D        | Reached XP level 2. HP: 24/30 MP: 1/1
    67 | D        | Noticed an ogre
    73 | D        | Killed an ogre
    73 | D        | Reached skill level 8 in Axes
    73 | D        | Reached XP level 3. HP: 40/40 MP: 2/2
    73 | D        | Reached XP level 4. HP: 48/48 MP: 3/3
    86 | D        | Noticed Sigmund
   100 | D        | Killed Sigmund
   100 | D        | Reached ** piety under Trog
   100 | D        | Reached skill level 10 in Axes
   100 | D        | Reached XP level 5. HP: 19/58 MP: 4/4
   100 | D        | Reached XP level 6. HP: 22/66 MP: 5/5
   397 | D        | Found a burning altar of Makhleb.
   397 | D        | Found a viscous altar of Jiyva.
   397 | D        | Found a shimmering altar of Xom.
   397 | D        | Found a corrupted altar of Lugonu.
   397 | D        | Noticed a slime creature
   406 | D        | Killed a slime creature
   406 | D        | Reached skill level 11 in Axes
   406 | D        | Reached skill level 5 in Armour
   406 | D        | Reached skill level 5 in Dodging
   428 | D        | Noticed a kobold demonologist
   428 | D        | Noticed a floating eye
   429 | D        | Noticed a kobold demonologist
   432 | D        | Killed a floating eye
   432 | D        | Reached skill level 12 in Axes
   432 | D        | Reached XP level 7. HP: 74/74 MP: 6/6
   438 | D        | Killed a kobold demonologist
   438 | D        | Reached *** piety under Trog
   438 | D        | Reached skill level 13 in Axes
   449 | D        | Killed a kobold demonologist
   449 | D        | Reached XP level 8. HP: 85/85 MP: 7/7
   573 | D        | Noticed a demonic crawler
   573 | D        | Noticed a demonic crawler
   573 | D        | Noticed a demonic crawler
   573 | D        | Noticed a demonic crawler
   580 | D        | HP: 4/85 [demonic crawler (5)]
   580 | D        | Slain by a demonic crawler

Skill      XL: |  1  2  3  4  5  6  7 |
---------------+----------------------+-----
Fighting       | 5 7 9 11 12 | 12.9
Axes           | 5 8 10 12 13 | 13.8
Armour         | 3 4 5 6 |  6.8
Dodging        | 3 4 5 6 |  6.9

Action                   |  1- 3 |  4- 6 |  7- 9 || total
-------------------------+-------+-------+-------++-------
Melee: Hand axe          |    12 |    15 |    17 ||    44
       Headbutt          |     2 |     5 |     5 ||    12
Invok: Berserk           |       |       |     1 ||     1
       Trog's Hand       |       |       |     1 ||     1
Armor: Animal skin       |     1 |       |       ||     1
       Leather armour    |       |     2 |     5 ||     7
Dodge: Dodged            |     9 |     6 |    17 ||    32
